 Dungeon Crawl Stone Soup version 0.29.0-4-gdea44cf6ec (webtiles) character file.

Game seed: 1309427103316309285

77 qw the Ruffian (level 4, 0/36 HPs)
             Began as a Ghoul Fire Elementalist on Aug 30, 2022.
             Slain by Natasha (4 damage)
             ... on level 3 of the Dungeon.
             The game lasted 00:01:49 (2555 turns).

qw the Ruffian (Ghoul Fire Elementalist)            Turns: 2555, Time: 00:01:49

Health: 0/36       AC:  5    Str: 13    XL:     4   Next: 34%
Magic:  5/5        EV: 10    Int: 10    God:
Gold:   42         SH:  0    Dex:  9    Spells: 5/6 levels left

rFire   . . .      SeeInvis .     - Unarmed
rCold   + . .      Faith    .   (no shield)
rNeg    + + +      Spirit   .   d - +0 ring mail
rPois   inf        Reflect  .   (no helmet)
rElec   .          Harm     .   (no cloak)
rCorr   .          Rampage  .   (no gloves)
Will    .....                   (no boots)
Stlth   ..........              (no amulet)
HPRegen 0.00/turn               (no ring)
MPRegen 0.09/turn               (no ring)

@: confused, inhibited regen
A: claws 1, cold resistance 1, negative energy resistance 3, inhibited
regeneration, torment resistance 2, devour on kill
a: no special abilities


You were on level 3 of the Dungeon.
You visited 1 branch of the dungeon, and saw 3 of its levels.

You collected 98 gold pieces.
You spent 56 gold pieces at shops.


Innate Abilities, Weirdness & Mutations

You are immune to poison.
You have sharp fingernails.
Your flesh is cold resistant. (rC+)
You are immune to negative energy. (rN+++)
You do not regenerate when monsters are visible.
You are immune to unholy pain and torment.
You thrive by killing the living.


   Skills:
 - Level 1.7 Fighting
 - Level 1.7 Dodging
 - Level 2.1 Stealth
 + Level 3.6 Unarmed Combat
 - Level 1.7 Spellcasting
 - Level 0.7 Conjurations
 - Level 2.4 Fire Magic


You had 5 spell levels left.
You knew the following spells:

 Your Spells              Type           Power      Damage    Failure   Level
a - Foxfire               Conj/Fire      16%        2x1d4     36%         1

Your spell library contained the following spells:

 Spells                   Type           Power      Damage    Failure   Level
 Scorch                   Fire           10%        2d5       36%         2
 Conjure Flame            Conj/Fire      4%         6-21      73%         3
 Inner Flame              Hex/Fire       3%         N/A       78%         3
 Flame Wave               Conj/Fire      4%         2d5       98%         4

Inventory:

Armour
 d - a +0 ring mail (worn)
Scrolls
 f - a scroll of fear {unknown}
 g - 3 scrolls of identify
 h - a scroll of enchant weapon {unknown}
 i - a scroll of silence {unknown}
Potions
 a - a potion of might {unknown}
 b - a potion of curing {unknown}
 c - a potion of brilliance {unknown}
 e - a potion of mutation {unknown}

Dungeon Overview and Level Annotations

Branches:
Dungeon (3/15)

Altars:
Vehumet

Shops:
D:1 =   D:3 ?

Annotations:
D:3 Natasha


Message History

A magic dart appears from out of thin air!
The magic dart hits you.
2531 ||| FLEEEEING.
Something hits you.
Natasha hisses.
2532 ||| FLEEEEING.
Natasha casts a spell.
2533 ||| FLEEEEING.
Something hits you but does no damage.
2534 ||| FLEEEEING.
Something hits you.
2535 ||| FLEEEEING.
Something hits you but does no damage. Something hits you but does no damage.
Enter note:
Enter note:
Enter note: Something hits you but does no damage.
2542 ||| FLEEEEING.
2543 ||| FLEEEEING.
Something hits you.
You see here a +0 leather armour.
You hear some strange, mumbled words.
You are confused.
You're too confused to attack without stumbling around!
You start waiting.
Something hits you.
Natasha stares at you and mumbles some strange words.
The magic dart hits you.
You hear some strange, mumbled words.
You are more confused.
You see here a +0 leather armour.
Something hits you. Something hits you.
You see here a +0 leather armour.
You scratch Natasha but do no damage.
Natasha mumbles some strange words.
Something hits you but does no damage. Something hits you but does no damage.
Natasha claws you. The shadow imp barely misses you.
You claw Natasha!
Natasha is severely wounded.
Natasha claws you.
You die...

........#######...............
#...##...# #####..######)..
###......# ###.#####....#
####...########.....#.....##
##...#...................
#####.#.....................
#...........................
#.......#.5h[..........^...<
####.......#..@................
..>............................
##.......#..................# ###
#.......#...........#.....##
..####.......#........#..........
#)..##.......########.#...<......
.....#.......# ##..#..........
......h......# #..##........\.
......##.##.#######.###..........


You could see Natasha and a shadow imp (summoned).

Vanquished Creatures
  4 adders
  A worm (D:2)
  4 orcs (D:3)
  5 endoplasms
  A giant cockroach (D:2)
  3 goblins (D:2)
  A hobgoblin (D:3)
  A quokka (D:2)
  3 ball pythons
  4 bats
  A frilled lizard (D:2)
  6 kobolds
34 creatures vanquished.

Notes
Turn   | Place    | Note
-------+----------+-------------------------------------------
     0 | D:1      | qw the Ghoul Fire Elementalist began the quest for the Orb.
     0 | D:1      | Reached XP level 1. HP: 14/14 MP: 2/2
     0 | D:1      | 0 ||| qw: Version: 0.1-a-90-g952f4b7
     0 | D:1      | 0 ||| qw: Game counter: 4322
     0 | D:1      | 0 ||| qw: Always use a shield: true
     0 | D:1      | 0 ||| qw: God list: Okawaru
     0 | D:1      | 0 ||| qw: Allow faded altars: false
     0 | D:1      | 0 ||| qw: Do Orc after D:15 true
     0 | D:1      | 0 ||| qw: Do second Lair branch before Depths: true
     0 | D:1      | 0 ||| qw: Lair rune preference: random
     0 | D:1      | 0 ||| qw: Plans: Normal
     0 | D:1      | 0 ||| PLANNING D:1-11
   222 | D:1      | Reached skill level 1 in Unarmed Combat
   298 | D:1      | Found Pois's Jewellery Boutique.
   307 | D:1      | 307 ||| SHOPLISTING +6 ring of dexterity (504 gold, have
                  | 19).
   307 | D:1      | 307 ||| SHOPLISTING amulet of Conformity {rF+ Regen+ Int+4}
                  | (733 gold, have 19).
   307 | D:1      | 307 ||| SHOPLISTING amulet of the acrobat (420 gold, have
                  | 19).
   307 | D:1      | 307 ||| SHOPLISTING ring of Qenkig {Fire Stlth+} (487 gold,
                  | have 19).
   307 | D:1      | 307 ||| SHOPLISTING ring of ice (350 gold, have 19).
   307 | D:1      | 307 ||| SHOPLISTING ring of protection from cold (350 gold,
                  | have 19).
   307 | D:1      | 307 ||| SHOPLISTING ring of see invisible (210 gold, have
                  | 19).
   307 | D:1      | 307 ||| SHOPLISTING ring of willpower (350 gold, have 19).
   805 | D:1      | 805 ||| UPGRADING to +0 leather armour.
   815 | D:1      | 815 ||| DROPPING +0 robe.
   816 | D:1      | 816 ||| UPGRADING to +0 ring mail.
   826 | D:1      | 826 ||| DROPPING +0 leather armour.
   827 | D:1      | 827 ||| READING 2 scrolls labelled WENKE TESOPIAPN.
   828 | D:1      | 828 ||| DROPPING potion of magic.
   829 | D:1      | 829 ||| DROPPING scroll of poison.
   901 | D:2      | HP: 3/15 [adder (1)]
   905 | D:2      | Reached skill level 1 in Fighting
   905 | D:2      | Reached XP level 2. HP: 6/24 MP: 3/3
  1262 | D:2      | Found a radiant altar of Vehumet.
  1505 | D:2      | Reached skill level 2 in Unarmed Combat
  1505 | D:2      | Reached XP level 3. HP: 18/29 MP: 4/4
  2025 | D:2      | 2025 ||| READING scroll labelled YSOENOWAXA.
  2026 | D:2      | 2026 ||| READING scroll labelled EMECOYRECU.
  2064 | D:3      | 2064 ||| Stepping ~*~*~tactically~*~*~ (stealth).
  2080 | D:3      | 2080 ||| FLEEEEING.
  2081 | D:3      | 2081 ||| FLEEEEING.
  2082 | D:3      | 2082 ||| FLEEEEING.
  2084 | D:3      | 2084 ||| STAIRDANCE
  2209 | D:3      | 2209 ||| FLEEEEING.
  2210 | D:3      | 2210 ||| FLEEEEING.
  2211 | D:3      | 2211 ||| STAIRDANCE
  2297 | D:3      | 2297 ||| Stepping ~*~*~tactically~*~*~ (stealth).
  2299 | D:3      | 2299 ||| Stepping ~*~*~tactically~*~*~ (stealth).
  2306 | D:3      | 2306 ||| Stepping ~*~*~tactically~*~*~ (outnumbered).
  2310 | D:3      | Reached skill level 3 in Unarmed Combat
  2319 | D:3      | Found Jalapne's Magic Scroll Shoppe.
  2328 | D:3      | 2328 ||| BUYING scroll of identify (28 gold).
  2328 | D:3      | Bought a scroll of identify for 28 gold pieces
  2328 | D:3      | 2328 ||| BUYING scroll of identify (28 gold).
  2328 | D:3      | Bought a scroll of identify for 28 gold pieces
  2328 | D:3      | 2328 ||| SHOPLISTING scroll of teleportation (42 gold, have
                  | 26).
  2335 | D:3      | Reached XP level 4. HP: 36/36 MP: 5/5
  2514 | D:3      | 2514 ||| Stepping ~*~*~tactically~*~*~ (stealth).
  2526 | D:3      | Noticed Natasha
  2531 | D:3      | 2531 ||| FLEEEEING.
  2532 | D:3      | 2532 ||| FLEEEEING.
  2533 | D:3      | 2533 ||| FLEEEEING.
  2534 | D:3      | 2534 ||| FLEEEEING.
  2535 | D:3      | 2535 ||| FLEEEEING.
  2542 | D:3      | 2542 ||| FLEEEEING.
  2543 | D:3      | 2543 ||| FLEEEEING.
  2550 | D:3      | HP: 7/36 [Natasha/magic dart (4)]
  2555 | D:3      | Slain by Natasha

Levels and vault maps discovered:
D:1:      spicycebolla_green_bress_n_ham_2, layout_loops_cross, serial_shops,
          shop, serial_bayou_pond_e, lemuel_old_faithful
D:2:      layout_basic, basic_altar, hangedman_abyss_or_decor_lesser_grid,
          dk_noncrumbling_2
D:3:      layout_rooms, mainiacjoe_overflow_alcove_4,
          mainiacjoe_overflow_boulevard, serial_shops, shop,
          grunt_ministairs_11, uniq_terence, uniq_natasha, uniq_ijyb

Skill      XL: |  1  2  3 |
---------------+----------+-----
Unarmed Combat | 1 2 3 |  3.6
Fighting       | 1 |  1.7
Dodging        | |  1.7
Stealth        | |  2.1
Spellcasting   | |  1.7
Conjurations   | |  0.7
Fire Magic     | |  2.4

Action                   |  1- 3 |  4- 6 || total
-------------------------+-------+-------++-------
Melee: Unarmed           |   132 |    29 ||   161
       Punch             |     1 |     1 ||     2
  Use: Scroll            |     3 |       ||     3
Armor: Ring mail         |    23 |    15 ||    38
       Robe              |     9 |       ||     9
Dodge: Dodged            |    65 |    10 ||    75

Table legend:
 A = Non-vault XP
 B = Vault XP
 C = Vault XP percentage of total XP
 D = Non-vault monster count
 E = Vault monster count
 F = Vault count percentage of total count
                 A         B        C        D         E       F
            +---------+---------+-------+---------+---------+-------
      Total |     110 |       1 |   0.9 |      33 |       1 |   2.9
            +---------+---------+-------+---------+---------+-------
        D:1 |       6 |       0 |   0.0 |       5 |       0 |   0.0
        D:2 |      36 |       0 |   0.0 |      13 |       0 |   0.0
        D:3 |      68 |       1 |   1.4 |      15 |       1 |   6.2
            +---------+---------+-------+---------+---------+-------
